 Dungeon Crawl Stone Soup version 0.29.1-12-g30fa7ad0bf (webtiles) character file.

Game seed: 1527116489302824048

7 croobank the Caller (level 1, 0/7 HPs)
             Began as a Felid Summoner on Dec 25, 2022.
             Slain by a ball python (2 damage)
             ... on level 1 of the Dungeon.
             The game lasted 00:01:11 (49 turns).

croobank the Caller (Felid Summoner)                  Turns: 49, Time: 00:01:12

Health: 0/7        AC:  1    Str:  4    XL:     1   Next: 83%
Magic:  2/4        EV: 17    Int: 16    God:
Gold:   11         SH:  0    Dex: 16    Spells: 3/4 levels left
                                        Lives:  0   Deaths: 0

rFire   . . .      SeeInvis +   (weapon unavailable)
rCold   . . .      Faith    .   (shield unavailable)
rNeg    . . .      Spirit   .   (body armour unavailable)
rPois   .          Reflect  .   (helmet unavailable)
rElec   .          Harm     .   (cloak unavailable)
rCorr   .          Rampage  .   (gloves unavailable)
Will    .....                   (boots unavailable)
Stlth   ++........              (no amulet)
HPRegen 0.02/turn               (no ring)
MPRegen 0.09/turn               (no ring)

@: quick
A: very small, claws 1, fangs 3, see invisible, speed 1, shaggy fur 1, stealthy
paws, no weapons or thrown items, no armour, multi-lived
a: no special abilities


You were on level 1 of the Dungeon.
You visited 1 branch of the dungeon, and saw 1 of its levels.

You collected 11 gold pieces.

Inventory:

Potions
 a - a potion of magic


   Skills:
 + Level 2.9 Dodging
 + Level 3.0 Stealth
 + Level 2.1 Spellcasting
 + Level 4.1 Summonings


You had 3 spell levels left.
You knew the following spells:

 Your Spells              Type           Power      Damage    Failure   Level
a - Summon Small Mammal   Summ           56%        N/A       3%          1

Your spell library contained the following spells:

 Spells                   Type           Power      Damage    Failure   Level
 Call Imp                 Summ           14%        N/A       6%          2
 Call Canine Familiar     Summ           14%        N/A       12%         3
 Summon Guardian Golem    Hex/Summ       8%         N/A       26%         3
 Summon Lightning Spire   Summ/Air       8%         N/A       65%         4


Dungeon Overview and Level Annotations

Branches:
Dungeon (1/15)

Altars:


Innate Abilities, Weirdness & Mutations

You have sharp claws.
You have razor-sharp teeth.
You have supernaturally acute eyesight. (SInv)
You cover ground quickly. (Speed+)
You are covered in fur. (AC +1)
Your paws help you pounce on unaware monsters.
You are incapable of wielding weapons or throwing items.
You cannot wear armour.
You gain extra lives every three experience levels.


Message History

Your quokka bites the dart slug.
Your quokka bites the endoplasm.
The endoplasm dies!
You swap places.
Your quokka bites the dart slug.
The ball python misses you. The ball python barely misses you.
The dart slug launches a dart at your quokka.
The slug dart misses your quokka.
The slug dart misses the hobgoblin.
The slug dart hits the rat.
The rat dies!
An endoplasm comes into view.
Your quokka bites the ball python.
You scratch the ball python but do no damage.
The ball python is moderately wounded.
The ball python bites you. The ball python barely misses you.
Your quokka bites the dart slug.
The dart slug dies!
The ball python bites you. The ball python grabs you.
The ball python constricts you.
Your quokka closely misses the ball python.
The hobgoblin hits your quokka. The ball python closely misses you.
Your Stealth skill increases to level 3!
You scratch the ball python.
The ball python is heavily wounded.
The ball python barely misses you. The ball python constricts you.
* * * LOW HITPOINT WARNING * * *
Your quokka closely misses the ball python.
The ball python misses you.
Your quokka misses the goblin. The hobgoblin hits your quokka.
You escape the ball python's grasp.
Your quokka bites the ball python.
The ball python bites your quokka. The ball python grabs your quokka.
The ball python constricts your quokka.
Your quokka bites the dart slug but does no damage.
The hobgoblin barely misses your quokka.
Your quokka is being constricted!
Unknown command.
You barely miss the ball python.
The ball python is severely wounded.
Your quokka closely misses the ball python.
The ball python misses you. The ball python barely misses you.
The ball python bites you.
You die...

##### #.......#
##8.8###.........
#......#.....†..#
#......#........##
##..8...#.........#
#8......#.....J....
#<).....'.g.rr†....
#8......#rSgw......
##..8...#@Sg.......
#......###########
#......# ##8.8###
#####


You could see a dart slug, an endoplasm, 2 hobgoblins, a goblin, 2 ball pythons,
a rat and 2 friendly quokkas.

Vanquished Creatures
  A bat (D:1)
1 creature vanquished.

Vanquished Creatures (collateral kills)
  A dart slug (D:1)
  An endoplasm (D:1)
  2 ball pythons (D:1)
  A rat (D:1)
5 creatures vanquished.

Vanquished Creatures (others)
  A rat (D:1)
1 creature vanquished.

Grand Total: 7 creatures vanquished

Notes
Turn   | Place    | Note
-------+----------+-------------------------------------------
     0 | D:1      | croobank the Felid Summoner began the quest for the Orb.
     0 | D:1      | Reached XP level 1. HP: 7/7 MP: 4/4
    49 | D:1      | Slain by a ball python

Illustrated notes

Levels and vault maps discovered:
D:1:      mrwooster_arrival_statue_3, layout_basic, minmay_pentomino_w4

Skill      XL: |  1 |
---------------+----+-----
Stealth        | 3 |  3.0
Dodging        | |  2.9
Spellcasting   | |  2.1
Summonings     | |  4.1

Action                   || total
-------------------------++-------
Melee: Unarmed           ||     5
       Bite              ||     1
 Cast: Summon Small Mamm ||     5
Dodge: Dodged            ||    11
